 Dungeon Crawl Stone Soup version 0.19.1 (webtiles) character file.

36454 Jerry the Slicer (level 13, -3/73 HPs)
             Began as a Vine Stalker Gladiator on Dec 22, 2016.
             Was a High Priest of Okawaru.
             Slain by a white ugly thing (27 damage)
             ... on level 14 of the Dungeon.
             The game lasted 01:07:05 (14326 turns).

Jerry the Slicer (Vine Stalker Gladiator)          Turns: 14326, Time: 01:07:06

Health: -3/73      AC: 22    Str: 19    XL:     13   Next: 90%
Magic:  0/18       EV: 22    Int:  8    God:    Okawaru [*****.]
Gold:   945        SH:  0    Dex: 22    Spells: 1 memorised, 16 levels left

rFire  . . .     SeeInvis +     Q - +2 rapier (venom)
rCold  . . .     Gourm    .     q - +4 scale mail
rNeg   + . .     Faith    .     (no shield)
rPois  +         Spirit   +     d - +2 hat {SInv}
rElec  .         Reflect  .     c - +0 cloak {MR+}
rCorr  .         Harm     .     S - +2 pair of gloves {Dex+3}
MR     ++...                    y - +0 pair of boots
Stlth  ++........               G - amulet of regeneration
                                i - ring of poison resistance
                                u - ring of positive energy

@: heroism
A: fangs 3, regeneration 2, magic shield, antimagic bite, no device heal 3, rot
immunity
a: Heroism, Finesse, Renounce Religion


You were on level 14 of the Dungeon.
You worshipped Okawaru.
Okawaru was extremely pleased with you.
You were not hungry.

You visited 3 branches of the dungeon, and saw 18 of its levels.
You also visited: Volcano.

You collected 1132 gold pieces.
You spent 187 gold pieces at shops.

Inventory:

Hand Weapons
 Q - a +2 rapier of venom (weapon)
Missiles
 A - an exploding tomahawk (quivered)
Armour
 c - a +0 cloak of magic resistance (worn)
 d - a +2 hat of see invisible (worn)
 q - a +4 scale mail (worn)
 y - a +0 pair of boots (worn)
 S - a +2 pair of gloves of dexterity (worn)
Jewellery
 i - a ring of poison resistance (right hand)
 o - a +2 ring of evasion
 u - a ring of positive energy (left hand)
 v - an uncursed ring of wizardry
 G - an amulet of regeneration (around neck)
Wands
 B - a wand of iceblast (6/15)
 D - a wand of acid (10/15)
 I - a wand of teleportation (5/9)
 J - a wand of digging (13/24)
 P - a wand of acid (4/15)
 T - a wand of teleportation (5/9)
 U - a wand of paralysis (11/24)
Scrolls
 b - 4 scrolls of fear
 e - 2 scrolls of identify
 g - 3 scrolls of remove curse
 j - 2 scrolls of teleportation
 m - a scroll of enchant armour
 n - 3 scrolls of blinking
 s - 3 scrolls of silence {unknown}
 w - a scroll of enchant weapon
 H - a scroll of immolation
Potions
 p - 2 potions of ambrosia {unknown}
 t - 3 potions of flight
 z - 4 potions of curing
 C - 3 potions of lignification {unknown}
 E - a potion of magic
 F - 2 potions of brilliance
 K - a potion of degeneration {unknown}
 L - 2 potions of agility
 O - a potion of mutation {unknown}
 W - a potion of resistance {unknown}
 Y - a potion of invisibility {unknown}
Books
 k - a book of Air

   Spells                             Type                      Level
   a - Shock                          Conjuration/Air              1
   b - Swiftness                      Charms/Air                   2
   c - Repel Missiles                 Charms/Air                   2
   d - Static Discharge               Conjuration/Air              3
   e - Lightning Bolt                 Conjuration/Air              5
Comestibles
 f - 10 bread rations
 h - 4 beef jerkies
 l - 2 royal jellies
 r - 7 meat rations
 x - 12 fruits
 N - 10 slices of pizza


   Skills:
 + Level 10.8(15.8) Fighting
 + Level 11.2(16.2) Short Blades
 - Level 1.7(6.7) Throwing
 + Level 9.3(14.3) Armour
 + Level 9.4(14.4) Dodging
 - Level 3.0 Spellcasting
 - Level 3.0 Charms
 - Level 3.0 Air Magic
 - Level 4.4 Invocations


You had 16 spell levels left.
You knew the following spells:

 Your Spells              Type           Power        Failure   Level  Hunger
a - Repel Missiles        Chrm/Air       #.....       34%         2    ###....


Dungeon Overview and Level Annotations

Branches:
Dungeon (14/15)            Temple (1/1) D:7            Lair (3/6) D:9
 Spider (0/4) Lair:2          Orc (0/2) D:11
  Swamp: Lair:2-4    Shoals: Lair:2-4    Vaults: D:13-14

Altars:
Ashenzari
Cheibriados
Dithmenos
Elyvilon
Fedhas
Gozag
Hepliaklqana
Kikubaaqudgha
Makhleb
Nemelex Xobeh
Okawaru
Qazlal
Ru
Sif Muna
Trog
Uskayaw
Vehumet
Xom
Yredelemnul
Zin
The Shining One
Beogh

Shops:
D:4 *   D:8 ?   D:9 *   D:10 (


Innate Abilities, Weirdness & Mutations

You have razor-sharp teeth.
You heal very quickly.
When hurt, damage is shared between your health and your magic reserves.
Your bite disrupts and absorbs the magic of your enemies.
Potions and wands cannot restore your health.
You are immune to rotting.


Message History

The white ugly thing claws you! The white ugly thing freezes you!!
Your scale mail prevents you from hitting the white ugly thing.
You bite the white ugly thing. You drain its power.
You feel invigorated.
The white ugly thing is lightly wounded.
The white ugly thing basks in the mutagenic energy from its kin and changes!
You hit the white ugly thing.
The white ugly thing is poisoned.
You bite the white ugly thing, but do no damage.
The white ugly thing is lightly wounded.
The white ugly thing claws you! The white ugly thing freezes you!
You hit the white ugly thing.
You bite the white ugly thing, but do no damage.
The white ugly thing is moderately wounded.
The white ugly thing misses you.
You hit the white ugly thing but do no damage.
The white ugly thing looks even sicker.
You bite the white ugly thing, but do no damage.
The white ugly thing is moderately wounded.
You gain the combat prowess of a mighty hero.
The white ugly thing claws you! The white ugly thing freezes you!!
You die...

##.##.......###
#....†.....#
####.......# ####.####
#.# ######.######
.............##
#######.####..#######.#
#.# ##..@uuuu... #.#
########..# ..# .## #.
#.


You could see 4 ugly things.

Vanquished Creatures
  Gastronok (Lair:2)
  A catoblepas (D:13)
  2 hydras
  A centaur warrior (D:12)
  Nergalle (Lair:1)
  A hell hog (Volcano)
  A fire crab (Volcano)
  An unseen horror (D:13)
  5 hill giants
  A deep elf mage (D:13)
  4 ugly things
  A manticore (D:12)
  4 cyclopes
  Joseph (D:9)
  2 molten gargoyles (Volcano)
  2 spiny frogs
  3 gargoyles
  2 rime drakes (Lair:3)
  3 komodo dragons
  A kobold demonologist (D:12)
  5 trolls
  4 blink frogs (Lair:3)
  5 slime creatures (D:12)
  2 hornets
  2 shadows (D:13)
  3 hippogriffs
  A redback (Lair:2)
  8 yaks
  8 fire bats (Volcano)
  A wyvern (D:9)
  A wraith (D:13)
  A basilisk (D:13)
  2 steam dragons
  2 hungry ghosts
  3 vampire mosquitoes (D:14)
  2 mottled dragons
  A soldier ant (D:12)
  8 water moccasins
  2 hell hounds (Volcano)
  4 porcupines
  5 ice beasts
  3 black bears
  2 sky beasts
  8 orc warriors
  2 phantoms
  5 ogres
  10 wolves
  14 centaurs
  6 crocodiles
  2 big kobolds (D:12)
  9 bullfrogs
  A gnoll sergeant (D:12)
  A wyvern zombie (D:10)
  7 scorpions
  22 killer bees
  3 howler monkeys
  10 wights
  4 crimson imps
  3 jellies
  6 lava snakes (Volcano)
  A quasit (D:13)
  A bullfrog skeleton (D:6)
  8 hounds
  A bullfrog zombie (D:5)
  3 centaur skeletons
  11 orc priests
  4 iguanas
  10 worker ants
  19 orc wizards
  2 hound skeletons
  2 worker ant zombies
  4 gnolls (D:12)
  11 adders
  2 river rats (D:9)
  2 shadow imps
  2 oozes
  4 adder skeletons
  An adder zombie (D:6)
  7 worms
  6 leopard geckos
  65 orcs
  23 bats
  3 giant cockroaches
  9 hobgoblins
  5 jackals
  6 kobolds
  5 quokkas
  3 ball pythons
  3 frilled lizards
  4 goblins
  A jackal skeleton (D:5)
  20 rats
  A plant (D:9)
475 creatures vanquished.

Vanquished Creatures (others)
  4 fungi (Lair:3)
  A plant (Lair:3)
5 creatures vanquished.

Grand Total: 480 creatures vanquished

Notes
Turn   | Place    | Note
-------+----------+-------------------------------------------
     0 | D:1      | Jerry the Vine Stalker Gladiator began the quest for the Orb.
     0 | D:1      | Reached XP level 1. HP: 11/11 MP: 2/2
    93 | D:1      | Reached XP level 2. HP: 9/15 MP: 1/3
   507 | D:1      | Reached skill level 1 in Armour
   747 | D:2      | Found an opulent altar of Gozag.
   768 | D:2      | Reached XP level 3. HP: 17/18 MP: 2/4
  1013 | D:2      | Gained mutation: Your natural rate of healing is unusually fast. [Vine Stalker growth]
  1013 | D:2      | Reached XP level 4. HP: 23/23 MP: 5/5
  1081 | D:2      | Reached skill level 3 in Short Blades
  1532 | D:3      | Reached XP level 5. HP: 27/27 MP: 4/6
  1645 | D:4      | Noticed an ogre
  1779 | D:4      | Killed an ogre
  1779 | D:4      | Reached XP level 6. HP: 5/32 MP: 4/7
  2153 | D:4      | Found Nitixom's Serpentskin Sales.
  2153 | D:4      | Noticed a water moccasin
  2176 | D:4      | Killed a water moccasin
  2176 | D:4      | Reached skill level 4 in Short Blades
  2176 | D:4      | Reached XP level 7. HP: 18/36 MP: 6/8
  2571 | D:5      | Entered Level 5 of the Dungeon
  2883 | D:5      | Gained mutation: You have razor-sharp teeth. [Vine Stalker growth]
  2883 | D:5      | Reached XP level 8. HP: 42/42 MP: 9/9
  3285 | D:5      | Reached skill level 5 in Short Blades
  3677 | D:6      | Reached skill level 5 in Fighting
  3677 | D:6      | Reached skill level 5 in Dodging
  4192 | D:7      | Reached XP level 9. HP: 47/47 MP: 10/10
  4451 | D:7      | Found a staircase to the Ecumenical Temple.
  4527 | D:7      | Reached skill level 6 in Short Blades
  4527 | D:7      | Reached skill level 5 in Armour
  4666 | D:7      | Found a sacrificial altar of Ru.
  4678 | D:7      | Found a glowing silver altar of Zin.
  4683 | D:7      | Found a sparkling altar of Nemelex Xobeh.
  5058 | Temple   | Entered the Ecumenical Temple
  5226 | Temple   | Became a worshipper of Warmaster Okawaru
  5296 | D:8      | Found Coosk's Magic Scroll Emporium.
  5382 | D:8      | Reached skill level 1 in Invocations
  5555 | D:8      | Reached * piety under Okawaru
  5558 | D:8      | Reached XP level 10. HP: 19/53 MP: 9/12
  5910 | D:8      | Reached skill level 7 in Short Blades
  6077 | D:9      | Found Hakuemid's Elemental Accessories.
  6375 | D:9      | Found a snail-covered altar of Cheibriados.
  6409 | D:9      | Found a blossoming altar of Fedhas.
  6411 | D:9      | Noticed Joseph
  6422 | D:9      | Killed Joseph
  6422 | D:9      | Reached ** piety under Okawaru
  6658 | D:9      | Noticed a green ugly thing
  6664 | D:9      | Killed a green ugly thing
  6760 | D:9      | Paralysed by a hornet for 2 turns
  6949 | D:9      | Reached *** piety under Okawaru
  7258 | D:9      | Found a staircase to the Lair.
  7464 | D:9      | Reached skill level 8 in Short Blades
  7726 | Lair:1   | Entered Level 1 of the Lair of Beasts
  7729 | Lair:1   | Noticed a spiny frog
  7758 | Lair:1   | Killed a spiny frog
  7758 | Lair:1   | Reached XP level 11. HP: 11/60 MP: 12/15
  7868 | D:4      | Bought a cursed ring of poison resistance for 187 gold pieces
  8053 | Lair:1   | Received a gift from Okawaru
  8100 | Lair:1   | Noticed Nergalle
  8108 | Lair:1   | Killed Nergalle
  9286 | Lair:2   | Reached **** piety under Okawaru
  9485 | Lair:2   | Noticed Gastronok
  9488 | Lair:2   | Found a hole to the Spider Nest.
  9622 | Lair:2   | Reached skill level 9 in Short Blades
  9812 | Lair:2   | Killed Gastronok
  9812 | Lair:2   | Reached ***** piety under Okawaru
  9970 | Lair:3   | Noticed a six-headed hydra
  9972 | Lair:3   | Gained mutation: You heal very quickly. [Vine Stalker growth]
  9972 | Lair:3   | Reached XP level 12. HP: 64/66 MP: 16/16
  9980 | Lair:3   | Killed a six-headed hydra
 10044 | Lair:3   | Received a gift from Okawaru
 10136 | Lair:3   | Found a dark tunnel.
 10146 | Volcano  | Entered a volcano
 10410 | Volcano  | Found a bloodstained altar of Trog.
 10410 | Volcano  | Noticed a hell hog
 10418 | Volcano  | Killed a hell hog
 10533 | Volcano  | Got a jewelled hat
 10698 | Volcano  | Identified the cursed +0 hat of Faptink {Dex+2} (You found it in a volcano)
 10826 | Lair:3   | Reached skill level 10 in Short Blades
 10910 | Lair:3   | Noticed a death yak
 10911 | Lair:3   | Noticed a death yak
 11033 | D:10     | Entered Level 10 of the Dungeon
 11077 | D:10     | Found Pagh's Antique Weapon Shop.
 11118 | D:10     | Reached skill level 10 in Fighting
 11157 | D:10     | Got a heavily runed leather armour
 12217 | D:11     | Reached XP level 13. HP: 68/72 MP: 17/17
 12388 | D:11     | Found a staircase to the Orcish Mines.
 12412 | D:11     | Found a roughly hewn altar of Beogh.
 12440 | D:11     | Received a gift from Okawaru
 12571 | D:11     | Learned a level 2 spell: Repel Missiles
 12682 | D:11     | Identified the +1 leather armour of Goreups {rCorr} (You found it on level 10 of the Dungeon)
 12758 | D:12     | Reached skill level 1 in Charms
 12888 | D:12     | Reached skill level 1 in Spellcasting
 12888 | D:12     | Reached skill level 1 in Air Magic
 13668 | D:13     | Reached skill level 11 in Short Blades
 14266 | D:14     | Found a glowing golden altar of the Shining One.
 14326 | D:14     | Slain by a white ugly thing

Skill      XL: |  1  2  3  4  5  6  7  8  9 10 11 12 13 |
---------------+----------------------------------------+-----
Fighting       | 2 3 4 5 6 7 9 10 | 10.8
Armour         | 1 2 3 4 5 6 7 8 9 |  9.3
Dodging        | 3 4 5 6 7 8 9 |  9.4
Short Blades   | 3 4 5 6 8 9 10 11 | 11.2
Invocations    | 2 4 |  4.4
Charms         | 3 |  3.0
Spellcasting   | 3 |  3.0
Air Magic      | 3 |  3.0
Throwing       | |  1.7

Action                   |  1- 3 |  4- 6 |  7- 9 | 10-12 | 13-15 || total
-------------------------+-------+-------+-------+-------+-------++-------
Melee: Rapier            |    92 |   177 |       |   453 |   463 ||  1185
       Bite              |    28 |    73 |   175 |   420 |   265 ||   961
       Dagger            |       |    56 |   411 |   292 |       ||   759
       Long sword        |       |       |    20 |   218 |       ||   238
       Punch             |       |       |       |       |     1 ||     1
Throw: Throwing net      |       |       |     1 |     2 |       ||     3
 Cast: Repel Missiles    |       |       |       |       |     1 ||     1
Invok: Heroism           |       |       |       |     1 |     3 ||     4
Evoke: Wand              |       |       |       |       |     1 ||     1
  Use: Potion            |       |     4 |     1 |     5 |       ||    10
       Scroll            |       |     1 |     1 |    26 |       ||    28
 Stab: Sleeping          |     1 |       |       |       |       ||     1
       Distracted        |       |       |     1 |       |       ||     1
       Held in net/web   |       |       |       |     7 |       ||     7
  Eat: Chunk             |       |     4 |    29 |    24 |     2 ||    59
       Beef jerky        |       |       |       |     1 |       ||     1
Armor: Leather armour    |    31 |       |       |       |       ||    31
       Chain mail        |    26 |   138 |       |       |       ||   164
       Plate armour      |       |    18 |    60 |       |       ||    78
       Ring mail         |       |       |    91 |    61 |       ||   152
       Troll leather arm |       |       |       |    91 |       ||    91
       Scale mail        |       |       |       |   132 |   117 ||   249
Dodge: Dodged            |    61 |   114 |   198 |   627 |   343 ||  1343
       Deflected         |       |       |       |       |     3 ||     3
       Rpst.: Long sword |       |       |     7 |    53 |       ||    60
